General information
- name: w
- type: Custom game
- host: darkwasp
- saver: CESARE_BORGIA
map: TwistedMeadows
- players: 5
- length: 26:29
- speed: Fast
- version: 1.26 W3XP
- replay type: Public
» download(109 KB)
Players
team 1 (winner)
darkwasp (
orange | 135 APM | 3587 actions | 26:29)
4 Blademaster
2 Wind Walk
2 Critical Strike
5 Shadow Hunter
3 Healing Wave
2 Hex
3 Pandaren Brewmaster
2 Breath of Fire
1 Drunken Haze
» actions
| Assign group hotkey | 212 | |
| Basic commands | 25 | |
| Build / train | 113 | |
| Enter build submenu | 17 | |
| Enter hero's abilities submenu | 12 | |
| Give item / drop item | 4 | |
| Remove unit from queue | 4 | |
| Right click | 1837 | |
| Select / deselect | 422 | |
| Select group hotkey | 729 | |
| Use ability | 212 | |
3587 total
» units
| Peon | 29 | |
| Grunt | 4 | |
| Raider | 3 | |
| Spirit Walker | 3 | |
| Troll Headhunter/Berserker | 5 | |
| Wind Rider | 2 | |
| Kodo Beast | 2 | |
48 total
» upgrades
| Ensnare | 1 | |
| Spirit Walker Training | 1 | |
| Armor | 2 | |
| Ranged Weapons | 0 | |
| Reinforced Defenses | 1 | |
| Burning Oil | 1 | |
| Berserker Upgrade | 2 | |
8 total
» buildings
| Altar of Storms | 1 | |
| Orc Burrow | 6 | |
| Barracks | 1 | |
| Voodoo Lounge | 1 | |
| Stronghold | 2 | |
| War Mill | 1 | |
| Beastiary | 2 | |
| Spirit Lodge | 1 | |
| Fortress | 1 | |
| Great Hall | 1 | |
| Watch Tower | 1 | |
18 total
» build order
00:04 Altar of Storms
00:10 Orc Burrow
00:28 Barracks
01:36 Orc Burrow
01:54 Voodoo Lounge
03:03 Stronghold
03:03 Stronghold
03:43 Orc Burrow
04:27 Orc Burrow
04:54 War Mill
05:48 Beastiary
06:44 Spirit Lodge
11:06 Fortress
11:47 Great Hall
12:40 Orc Burrow
18:00 Watch Tower
19:23 Beastiary
20:50 Orc Burrow
» items
| Healing Salve | 9 | |
| Lesser Clarity Potion | 5 | |
| Scroll of Speed | 3 | |
| Circlet of Nobility | 2 | |
| Scroll of Town Portal | 2 | |
| Potion of Lesser Invulnerability | 3 | |
| Scroll of Healing | 4 | |
| Boots of Speed | 1 | |
| Tiny Great Hall | 1 | |
| Orb of Lightning | 1 | |
31 total
team 2 (loser)
h4x (
gray | 90 APM | 2373 actions | 26:29)
5 Death Knight
3 Death Coil
2 Unholy Aura
4 Lich
2 Frost Nova
2 Frost Armor
» actions
| Assign group hotkey | 230 | |
| Basic commands | 57 | |
| Build / train | 80 | |
| ESC pressed | 1 | |
| Enter build submenu | 29 | |
| Enter hero's abilities submenu | 9 | |
| Give item / drop item | 4 | |
| Remove unit from queue | 6 | |
| Right click | 985 | |
| Select / deselect | 482 | |
| Select group hotkey | 354 | |
| Use ability | 136 | |
2373 total
» units
| Acolyte | 7 | |
| Ghoul | 19 | |
| Gargoyle | 1 | |
| Obsidian Statue | 12 | |
| Crypt Fiend | 2 | |
41 total
» upgrades
| Unholy Armor | 1 | |
| Ghoul Frenzy | 2 | |
| Unholy Strength | 2 | |
| Destroyer Form | 1 | |
| Web | 1 | |
| Creature Carapace | 1 | |
8 total
» buildings
| Ziggurat | 10 | |
| Crypt | 2 | |
| Altar of Darkness | 1 | |
| Tomb of Relics | 1 | |
| Nerubian Tower | 1 | |
| Halls of the Dead | 1 | |
| Graveyard | 1 | |
| Black Citadel | 1 | |
| Slaughterhouse | 1 | |
| Sacrificial Pit | 3 | |
22 total
» build order
00:25 Ziggurat
00:27 Crypt
00:43 Altar of Darkness
01:38 Tomb of Relics
01:57 Ziggurat
02:36 Nerubian Tower
03:16 Halls of the Dead
04:00 Graveyard
04:20 Ziggurat
04:51 Ziggurat
05:43 Black Citadel
06:32 Slaughterhouse
07:43 Ziggurat
08:09 Sacrificial Pit
08:20 Sacrificial Pit
08:36 Sacrificial Pit
10:03 Crypt
14:56 Ziggurat
14:57 Ziggurat
14:58 Ziggurat
15:29 Ziggurat
15:30 Ziggurat
» items
| Rod of Necromancy | 4 | |
| Dust of Appearance | 1 | |
| Orb of Corruption | 1 | |
| Scroll of Town Portal | 4 | |
| Scroll of Healing | 1 | |
11 total
refereesXBox_397-37,
Truhan,
CESARE_BORGIA Chat log
(00:07 / Referees) Truhan: eat my cocks
(00:10 / Referees) Truhan: et cetera
(00:15 / Referees) Truhan: pies, not gonna lie
(00:25 / Referees) Truhan: kinda wanted to RP u on the second game
(00:37 / Referees) CESARE_BORGIA: yeah?
(00:45 / Referees) Truhan: roleplayyyyyyyyy
(00:54 / Referees) Truhan: always liked dems old D&D maps
(01:01 / Referees) CESARE_BORGIA: oh
(01:03 / Referees) CESARE_BORGIA: thought you meant replay
(01:11 / Referees) Truhan: nooooo
(01:20 / Referees) Truhan: I suck at vidya gaems
(01:21 / Referees) CESARE_BORGIA: WHEW LUL
(01:38 / Referees) Truhan: and it looks like the hcker wins
(02:08 / Referees) CESARE_BORGIA: was bendik german?
(02:11 / Referees) CESARE_BORGIA: or was he russina
(02:13 / Referees) CESARE_BORGIA: i don't remember
(02:14 / Referees) Truhan: you know what wasp's build tells me?
(02:19 / Referees) Truhan: I would lose to it
(02:22 / Referees) CESARE_BORGIA: lol
(02:30 / Referees) CESARE_BORGIA: yeah
(02:39 / Referees) CESARE_BORGIA: based on the rt games i played with him he's a lot better than me at this game.
(02:55 / Referees) CESARE_BORGIA: his bm
(02:56 / Referees) CESARE_BORGIA: is stuck
(02:57 / Referees) CESARE_BORGIA: in the gnoll
(02:58 / Referees) CESARE_BORGIA: wtf
(03:05 / Referees) Truhan: fantastic
(03:11 / Referees) Truhan: that's what bm deserves
(03:23 / Referees) Truhan: bm = blademaster, blademaster = bad manner
(03:30 / Referees) CESARE_BORGIA: noice coilage
(03:41 / Referees) Truhan: ur welcome
(03:46 / Referees) CESARE_BORGIA: lol
(05:26 / Referees) CESARE_BORGIA: TP
(05:34 / Referees) CESARE_BORGIA: dam
(05:37 / Referees) CESARE_BORGIA: that was like
(05:41 / Referees) CESARE_BORGIA: calling when the toast pops up
(05:42 / Referees) CESARE_BORGIA: the second it does
(05:43 / Referees) CESARE_BORGIA: wooh
(05:59 / Referees) CESARE_BORGIA: is it just us obsing?
(06:01 / Referees) Truhan: h4x hax
(06:10 / Referees) CESARE_BORGIA: or is ghetto here too
(06:12 / Referees) Truhan: gheddo is xbox phase 9000
(06:22 / Referees) Truhan: or w/e
(06:24 / Referees) CESARE_BORGIA: ah
(06:52 / Referees) CESARE_BORGIA: GRAB DA GLOVES
(06:55 / Referees) CESARE_BORGIA: do gloves stacK?
(07:04 / Referees) Truhan: i dunno
(07:11 / Referees) CESARE_BORGIA: i mean, I don't think boots do
(07:17 / Referees) CESARE_BORGIA: but maybe gloves do.
(07:33 / Referees) CESARE_BORGIA: yeah
(07:38 / Referees) CESARE_BORGIA: i should really do more skele harass in 1s
(07:46 / Referees) CESARE_BORGIA: gainst orc anyway
(11:47 / Referees) Truhan: leader lies = nobel prize, leader speak = leader dies
(12:15 / Referees) CESARE_BORGIA: totally missed what you're referring to.
(12:28 / Referees) Truhan: that song I posted in steve jobs thread
(12:32 / Referees) CESARE_BORGIA: oh
(12:46 / Referees) CESARE_BORGIA: dam
(12:53 / Referees) CESARE_BORGIA: he just took out an orc_is_h4x hero
(13:26 / Referees) CESARE_BORGIA: definitely way better than me
(13:38 / Referees) Truhan: haxx
(13:46 / Referees) Truhan: see him go str8 2 teh expo
(14:00 / Referees) Truhan: scouting = haxx
(15:44 / Referees) Truhan: y dnt towarz detct?????????????????????????????????????????????????????????????????????????????????????
(15:58 / Referees) XBox_397-37: yo im slim shady
(15:59 / Referees) CESARE_BORGIA: they do in war2 lool
(16:01 / Referees) XBox_397-37: yes im the real shady
(16:07 / Referees) XBox_397-37: only for submarines
(16:15 / Referees) CESARE_BORGIA: not for units with invis on them?
(16:19 / Referees) XBox_397-37: nope
(16:20 / Referees) CESARE_BORGIA: oh
(16:21 / Referees) XBox_397-37: that's why they're so broken
(16:22 / Referees) CESARE_BORGIA: didn't know that
(16:24 / Referees) CESARE_BORGIA: crazy
(16:29 / Referees) Truhan: rofl
(16:30 / Referees) CESARE_BORGIA: what bout dragons and zeppelins
(16:39 / Referees) CESARE_BORGIA: can they still detect spell invis?
(17:00 / Referees) XBox_397-37: neg
(17:03 / Referees) CESARE_BORGIA: really
(17:06 / Referees) CESARE_BORGIA: never knew that
(17:08 / Referees) CESARE_BORGIA: O_O
(17:14 / Referees) CESARE_BORGIA: IMBA HU
(17:34 / Referees) CESARE_BORGIA: and things don't even stop being invis when they spam blizzard everywhere
(17:49 / Referees) Truhan: rofl
(18:05 / Referees) XBox_397-37: Balance in Warcraft II is so weird.
(18:08 / Referees) CESARE_BORGIA: i was talking about war2 during that fight, missed most of it, but looks like he came out on top
(18:10 / Referees) CESARE_BORGIA: CRAZY
(18:20 / Referees) Truhan: wc2 barely had online lol
(18:26 / Referees) CESARE_BORGIA: IT HAD WAR2KALI
(18:27 / Referees) CESARE_BORGIA: THAT COUNTS
(18:35 / Referees) Truhan: I have an OG non-BNet copy
(18:39 / Referees) CESARE_BORGIA: same
(18:52 / Referees) CESARE_BORGIA: had the war2 battlechest
(18:57 / Referees) CESARE_BORGIA: first blizz game i got
(19:05 / Referees) CESARE_BORGIA: in 96 :o
(19:25 / Referees) XBox_397-37: Got Warcraft: Orcs and Humans as a ninth birthday gift.
(19:35 / Referees) XBox_397-37: Awesome stuff.
(19:42 / Referees) CESARE_BORGIA: MMHMM
(19:53 / Referees) Truhan: when I was 9 my dad had me working at a lumber mill
(20:01 / Referees) CESARE_BORGIA: lol
(20:07 / Referees) Truhan: srs
(20:17 / Referees) Truhan: he got an extra $1 per hour for it
(20:28 / Referees) CESARE_BORGIA: did you talk like a peasant/peon?
(20:33 / Referees) Truhan: I wish
(20:38 / Referees) CESARE_BORGIA: I know I would have
(20:45 / Referees) CESARE_BORGIA: Everyone would look at me funny
(20:51 / Referees) Truhan: was a retard back then, so I just sang sweet emotion to myself
(20:57 / Referees) CESARE_BORGIA: ah
(21:41 / Referees) XBox_397-37: Weird game.
(21:45 / Referees) Truhan: wen will hax double expo
(21:45 / Referees) CESARE_BORGIA: yeah
(21:46 / Referees) XBox_397-37: I didn't think Darkwasp was this good.
(21:46 / Referees) XBox_397-37: lol
(21:49 / Referees) CESARE_BORGIA: me neither
(21:57 / Referees) XBox_397-37: Undead isn't allowed to expand vs. Orc.
(21:59 / Referees) CESARE_BORGIA: even though i knew he was still better than me, but like, whoa
(22:00 / Referees) XBox_397-37: That's part of the problem.
(22:33 / Referees) Truhan: sure he can, remember MLG
(22:40 / Referees) Truhan: when a zerg got bunker rushed
(22:52 / Referees) Truhan: and he did the innovative tactic of not leaving the game
(23:00 / Referees) Truhan: and using leftover lings to apply pressure
(23:12 / Referees) Truhan: I was in awe
(23:26 / Referees) Truhan: metagame shifted before mine eyes
(23:39 / Referees) Truhan: too bad it's the exact opposite of idra's tactics
(23:45 / Referees) CESARE_BORGIA: just noticed h4x has no money left
(23:46 / Referees) CESARE_BORGIA: :o
(23:53 / Referees) Truhan: ye
(24:05 / Referees) Truhan: o shi, not enuff 4 dubble expo
(24:15 / Referees) CESARE_BORGIA: he's gonna have to unsummon a zig
(24:21 / Referees) CESARE_BORGIA: and try and sneak a haunting at the south expo
(24:21 / Referees) Truhan: unsummon an zig
(24:25 / Referees) CESARE_BORGIA: least that's what i would probably do
(24:30 / Referees) Truhan: shouldn't go above 50 food anyway
(24:58 / Referees) CESARE_BORGIA: yeah, i know, i really shouldn't say "he should do X"
(24:59 / Referees) CESARE_BORGIA: ever.
(25:12 / Referees) CESARE_BORGIA: but still
(25:44 / Referees) XBox_397-37: I have a feeling if Wasp loses this game, it's gonna be 2-0.
(25:47 / Referees) CESARE_BORGIA: nice coil
(25:47 / Referees) Truhan: dey both done, no gold for either
(25:47 / Referees) XBox_397-37: H4x will just switch to Human.
(26:02 / Referees) Truhan: human op
(26:11 / Referees) Truhan: dems hellions
(26:22 / Referees) CESARE_BORGIA: and soon to be maraudions
(26:26 / All) h4x: gg
(26:26 / Referees) CESARE_BORGIA: O SHI-